 Dungeon Crawl Stone Soup version 0.25-a0-589-g1e14c549ee (webtiles) character file.

Game seed: 8970507219837375155, levelgen mode: deterministic

318 dabendof the Ruffian (level 6, -1/61 HPs)
             Began as a Troll Berserker on Mar 10, 2020.
             Was a Believer of Trog.
             Shot with a stone by a goblin (4 damage)
             ... on level 3 of the Dungeon.
             The game lasted 00:31:50 (1949 turns).

dabendof the Ruffian (Troll Berserker)              Turns: 1949, Time: 00:31:54

Health: -1/61      AC:  8    Str: 27    XL:     6   Next: 21%
Magic:  5/5        EV: 11    Int:  3    God:    Trog [**....]
Gold:   95         SH:  0    Dex: 10    Spells: 5/5 levels left

rFire    . . .     SeeInvis .   C - +3 quarterstaff (chaos)
rCold    . . .     Gourm    +   (shield currently unavailable)
rNeg     . . .     Faith    .   a - +0 animal skin
rPois    .         Spirit   .   (helmet restricted)
rElec    .         Reflect  .   D - +1 cloak {MR+}
rCorr    .         Harm     .   (gloves unavailable)
MR       +....                  (boots unavailable)
Stlth    +.........             (no amulet)
HPRegen  0.60/turn              (no ring)
MPRegen  0.09/turn              (no ring)

@: lethally poisoned (-1 -> -8), flying
A: large, unfitting armour, claws 3, fast metabolism 3, gourmand, regeneration
1, shaggy fur 1, tough skin 3
a: Berserk, Trog's Hand, Renounce Religion


You were on level 3 of the Dungeon.
You worshipped Trog.
Trog was pleased with you.
You were very full.

You visited 1 branch of the dungeon, and saw 3 of its levels.

You collected 95 gold pieces.

Inventory:

Hand Weapons
 d - a +0 club
 f - a cursed +0 dagger
 n - a +0 short sword
 q - a +1 dagger of protection
 r - a cursed -1 short sword
 s - a +0 club
 t - a +0 dagger
 v - a +0 flail
 C - a +3 quarterstaff of chaos (weapon)
 E - a +0 club
 F - a +0 mace
 H - a +0 club
 J - a +0 club
 K - a +0 dagger
 N - a +0 club
 O - a +0 hand axe
 Q - a +0 dagger
 R - a cursed +0 club
 S - a +0 rapier
Missiles
 c - 16 bolts
 g - 125 stones (quivered)
 z - 16 arrows
Armour
 a - a +0 animal skin (worn)
 h - a +0 leather armour
 j - a +0 robe
 o - a +0 leather armour
 u - a cursed -1 leather armour
 w - a +0 scale mail
 x - a +0 leather armour
 y - a cursed +0 robe
 A - a +0 leather armour
 B - a +0 robe
 D - a +1 cloak of magic resistance (worn)
 G - a +0 chain mail
 L - a +0 robe
 P - a +0 robe
Jewellery
 M - an uncursed ring of protection from fire {unknown}
Scrolls
 e - 3 scrolls of identify
 k - a scroll of enchant armour
 p - a scroll of teleportation
Potions
 i - a potion of stabbing {unknown}
 m - a potion of magic {unknown}
Comestibles
 b - 3 rations
 I - 6 chunks of flesh


   Skills:
 + Level 3.0 Fighting
 + Level 1.6 Short Blades
 + Level 1.0 Staves
 + Level 3.7 Dodging
 + Level 0.2 Stealth
 + Level 4.7 Unarmed Combat


You had 5 spell levels left.
You didn't know any spells.
Your spell library was empty.

Dungeon Overview and Level Annotations

Branches:
Dungeon (3/15)

Altars:
Uskayaw

Annotations:
D:3 Sigmund


Innate Abilities, Weirdness & Mutations

You are too large for most types of armour.
You have claws for hands.
Your metabolism is lightning-fast.
You like to eat raw meat.
Your natural rate of healing is unusually fast.
You are covered in fur. (AC +1)
You have extremely tough skin. (AC +3)


Message History

It was a potion of flight.
You feel very buoyant.
You fly up into the air.
* * * LOW HITPOINT WARNING * * *
You feel sick. The kobold barely misses you.
The goblin hits you but does no damage.
You sock something! You freeze something.
* * * LOW HITPOINT WARNING * * *
You feel sick. The kobold closely misses you.
Something hits you but does no damage.
The goblin shoots a stone.
The stone misses you. The goblin hits you but does no damage.
A worker ant comes into view.
The worker ant twitches its antennae in your direction.
You sock the kobold!
You kill the kobold!
Trog accepts your kill.
* * * LOW HITPOINT WARNING * * *
You feel very sick.
The goblin shoots a stone.
The stone hits you.
You die...

###########...##.#
. ######.# .. #.##
... #..###....
##........
#..##.... . #..#
.. ....#####รท.#
......)g@{.#
......%).....g.<
.....r....###.##
....#####.# .. ..a
#.. #. .( #..# .
#... .#.#


You could see a worker ant, 2 goblins and a rat.

Vanquished Creatures
  An ice beast (D:2)
  Crazy Yiuf (D:2)
  2 orc wizards (D:3)
  Terence (D:2)
  3 adders
  An ooze (D:2)
  4 worms
  5 dart slugs
  3 leopard geckos
  4 orcs (D:3)
  A giant cockroach (D:1)
  A goblin (D:3)
  6 hobgoblins
  8 jackals
  6 bats
  3 frilled lizards
  6 kobolds
  11 rats
67 creatures vanquished.

Notes
Turn   | Place    | Note
-------+----------+-------------------------------------------
     0 | D:1      | dabendof the Troll Berserker began the quest for the Orb.
     0 | D:1      | Reached XP level 1. HP: 22/22 MP: 0/0
    74 | D:1      | Reached XP level 2. HP: 22/29 MP: 1/1
   642 | D:1      | Reached XP level 3. HP: 31/36 MP: 2/2
  1006 | D:2      | Reached skill level 4 in Unarmed Combat
  1072 | D:2      | Noticed Terence
  1085 | D:2      | Killed Terence
  1085 | D:2      | Reached XP level 4. HP: 44/44 MP: 3/3
  1164 | D:2      | Reached ** piety under Trog
  1227 | D:2      | Noticed an ice beast
  1257 | D:2      | Killed an ice beast
  1257 | D:2      | Reached XP level 5. HP: 39/52 MP: 4/4
  1440 | D:2      | Found a runed translucent door.
  1441 | D:2      | Noticed Crazy Yiuf
  1455 | D:2      | Paralysed by Crazy Yiuf for 3 turns
  1464 | D:2      | Killed Crazy Yiuf
  1464 | D:2      | Reached skill level 1 in Short Blades
  1750 | D:3      | Reached XP level 6. HP: 59/59 MP: 5/5
  1775 | D:3      | Reached skill level 1 in Staves
  1905 | D:3      | Found a hide-covered altar of Uskayaw.
  1932 | D:3      | Noticed Sigmund
  1949 | D:3      | HP: 3/61 [poisoned by Sigmund]
  1949 | D:3      | Shot with a stone by a goblin

Levels and vault maps discovered:
D:1:      roderic_crop_circles_arrival_small, layout_basic
D:2:      layout_basic, uniq_crazy_yiuf_cottage, uniq_terence
D:3:      layout_basic, yredelemnul_altar_generic, lemuel_crystal_altar,
          first_ration, uniq_sigmund

Skill      XL: |  1  2  3  4  5  6 |
---------------+-------------------+-----
Unarmed Combat | 4 |  4.7
Dodging        | 3 |  3.7
Short Blades   | 1 |  1.6
Fighting       | 3 |  3.0
Staves         | 1 |  1.0
Stealth        | |  0.2

Action                   |  1- 3 |  4- 6 || total
-------------------------+-------+-------++-------
Melee: Unarmed           |    72 |       ||    72
       Punch             |     2 |     2 ||     4
       Dagger            |    35 |    82 ||   117
       Quarterstaff      |       |    63 ||    63
Invok: Berserk           |     1 |     1 ||     2
       Trog's Hand       |       |     1 ||     1
  Use: Scroll            |     1 |     3 ||     4
       Potion            |       |     2 ||     2
  Eat: Ration            |     1 |       ||     1
       Chunk             |     4 |    18 ||    22
Armor: Animal skin       |    40 |    64 ||   104
Dodge: Dodged            |    55 |    75 ||   130

Table legend:
 A = Non-vault XP
 B = Vault XP
 C = Vault XP percentage of total XP
 D = Non-vault monster count
 E = Vault monster count
 F = Vault count percentage of total count
                 A         B        C        D         E       F
            +---------+---------+-------+---------+---------+-------
      Total |     379 |      76 |  16.7 |      65 |       2 |   3.0
            +---------+---------+-------+---------+---------+-------
        D:1 |      42 |       0 |   0.0 |      21 |       0 |   0.0
        D:2 |     210 |      76 |  26.6 |      27 |       2 |   6.9
        D:3 |     127 |       0 |   0.0 |      17 |       0 |   0.0
            +---------+---------+-------+---------+---------+-------
